 Dungeon Crawl Stone Soup version 0.28.0-53-g5a82cb258f (webtiles) character file.

Game seed: 16757270312141669258

5 shadowstone the Firebug (level 1, -2/10 HPs)
             Began as a Tengu Fire Elementalist on June 5, 2022.
             Slain by a jackal (3 damage)
             ... on level 1 of the Dungeon.
             The game lasted 00:00:47 (376 turns).

shadowstone the Firebug (Tengu Fire Elementalist)    Turns: 376, Time: 00:00:48

Health: -2/10      AC:  2    Str:  8    XL:     1   Next: 80%
Magic:  4/4        EV: 12    Int: 15    God:
Gold:   0          SH:  0    Dex: 14    Spells: 3/4 levels left

rFire   . . .      SeeInvis .   (no weapon)
rCold   . . .      Faith    .   (no shield)
rNeg    . . .      Spirit   .   a - +0 robe
rPois   .          Reflect  .   (helmet restricted)
rElec   .          Harm     .   (no cloak)
rCorr   .          Rampage  .   (no gloves)
Will    .....                   (boots unavailable)
Stlth   ++........              (no amulet)
HPRegen 0.03/turn               (no ring)
MPRegen 0.09/turn               (no ring)

@: no status effects
A: beak, talons 3
a: no special abilities


You were on level 1 of the Dungeon.
You visited 1 branch of the dungeon, and saw 1 of its levels.

Inventory:

Armour
 a - a +0 robe (worn)
Scrolls
 b - a scroll of fog {unknown}
 c - a scroll of noise {unknown}
 d - a scroll of magic mapping {unknown}
 f - a scroll of amnesia {unknown}
Potions
 e - a potion of curing {unknown}


   Skills:
 + Level 2.5 Dodging
 + Level 2.0 Stealth
 + Level 2.0 Spellcasting
 + Level 1.3 Conjurations
 + Level 3.5 Fire Magic


You had 3 spell levels left.
You knew the following spells:

 Your Spells              Type           Power      Damage    Failure   Level
a - Foxfire               Conj/Fire      32%        2x1d5     9%          1

Your spell library contained the following spells:

 Spells                   Type           Power      Damage    Failure   Level
 Scorch                   Fire           24%        2d6       8%          2
 Conjure Flame            Conj/Fire      8%         6-21      24%         3
 Inner Flame              Hex/Fire       6%         N/A       32%         3
 Flame Wave               Conj/Fire      8%         2d5       63%         4


Dungeon Overview and Level Annotations

Branches:
Dungeon (1/15)

Altars:


Innate Abilities, Weirdness & Mutations

You have a beak for a mouth.
You have claws for feet.


Message History

You barely miss the jackal. Your kick misses the jackal.
You peck the jackal, but do no damage.
The jackal is severely wounded.
The jackal bites you. The jackal barely misses you.
You closely miss the jackal. Your kick misses the jackal.
The jackal is severely wounded.
The jackal closely misses you.
You closely miss the jackal. Your kick misses the jackal.
The jackal is severely wounded.
The jackal bites you but does no damage.
You hit the jackal but do no damage.
The jackal is severely wounded.
The jackal bites you. The jackal barely misses you.
You closely miss the jackal. Your kick misses the jackal.
The jackal is severely wounded.
The jackal bites you.
You hit the jackal but do no damage. Your kick misses the jackal.
The jackal is severely wounded.
The jackal bites you.
* * * LOW HITPOINT WARNING * * *
The jackal closely misses you.
You hit the jackal but do no damage. You claw the jackal, but do no damage.
Your peck misses the jackal.
The jackal is severely wounded.
The jackal barely misses you.
You barely miss the jackal. Your peck misses the jackal.
The jackal is heavily wounded.
The jackal bites you.
* * * LOW HITPOINT WARNING * * *
You closely miss the jackal.
The jackal is heavily wounded.
The jackal misses you.
The jackal bites you but does no damage.
You closely miss the jackal. You claw the jackal, but do no damage.
The jackal is heavily wounded.
The jackal closely misses you.
You hit the jackal. Your kick misses the jackal.
The jackal is severely wounded.
The jackal barely misses you. The jackal bites you.
You die...

#. . .## ..# #>#
#h# #h# #.# #@#
#.# #.# #.# #.#
#.# #
#.###.###### ##.
#..##.#....# #..
##.##.#..†.# #.#
#.#.......#####.#
#.#.#.......÷....
#.#.#.#########.#


You could see 2 jackals.

Vanquished Creatures
  A ball python (D:1)
  A bat (D:1)
  A giant cockroach (D:1)
  A quokka (D:1)
4 creatures vanquished.

Notes
Turn   | Place    | Note
-------+----------+-------------------------------------------
     0 | D:1      | shadowstone the Tengu Fire Elementalist began the quest for
                  | the Orb.
     0 | D:1      | Reached XP level 1. HP: 10/10 MP: 4/4
   376 | D:1      | Slain by a jackal

Illustrated notes

Levels and vault maps discovered:
D:1:      lightli_arrival_noodles, layout_rooms

Action                   || total
-------------------------++-------
Melee: Unarmed           ||    27
       Kick              ||     5
       Peck              ||     5
 Stab: Sleeping          ||     1
Armor: Robe              ||     8
Dodge: Dodged            ||    30
